 Dungeon Crawl Stone Soup version 0.22-a0-413-ge8614c9 (webtiles) character file.

84321 Firecrotchwizard the Fighter (level 15, -1/87 HPs)
             Began as a Vine Stalker Monk on May 12, 2018.
             Was the Champion of Makhleb.
             Slain by a manticore (5 damage)
             ... on level 1 of the Shoals on May 13, 2018.
             The game lasted 01:06:22 (24680 turns).

Firecrotchwizard the Fighter (Vine Stalker Monk)   Turns: 24680, Time: 01:06:22

Health: -1/87      AC: 32    Str: 18    XL:     15   Next: 80%
Magic:  0/22       EV: 12    Int: 17    God:    Makhleb [******]
Gold:   1559       SH:  6    Dex: 21    Spells: 14/14 levels left

rFire    . . .     SeeInvis .     - Unarmed
rCold    . . .     Gourm    .   h - +0 buckler
rNeg     + . .     Faith    .   w - +3 plate armour {rN+}
rPois    .         Spirit   +   L - +2 helmet {Int+3}
rElec    .         Reflect  .   t - +2 cloak
rCorr    .         Harm     .   X - +2 pair of gloves
MR       ++...                  c - +2 pair of boots
Stlth    ..........             i - amulet of magic regeneration {@e1}
HPRegen  1.04/turn              Z - ring of protection from magic {MR+, !d}
MPRegen  0.43/turn              s - ring of the Ban {Str+2 Int+4 Dex+4}

@: no status effects
A: fangs 3, regeneration 2, weak 2, magic shield, antimagic bite, no potion heal
3, rot immunity
a: Minor Destruction, Lesser Servant of Makhleb, Major Destruction, Greater
Servant of Makhleb, Renounce Religion


You were on level 1 of the Shoals.
You worshipped Makhleb.
Makhleb was exalted by your worship.
You were not hungry.

You visited 5 branches of the dungeon, and saw 25 of its levels.
You also visited: Bailey and Ice Cave.

You collected 2531 gold pieces.
You spent 972 gold pieces at shops.

Inventory:

Armour
 c - a +2 pair of boots (worn)
   (You found it on level 1 of the Dungeon)
 h - a +0 buckler (worn)
   (You found it on level 1 of the Dungeon)
 t - a +2 cloak (worn)
   (You found it on level 3 of the Dungeon)
 w - a +3 plate armour of positive energy (worn)
   (You found it on level 3 of the Lair of Beasts)
 L - a +2 helmet of intelligence (worn)
   (You found it on level 13 of the Dungeon)
 X - a +2 pair of gloves (worn)
   (You found it on level 1 of the Shoals)
Jewellery
 a - an uncursed ring of protection from cold {rC+, !d}
   (You found it on level 3 of the Dungeon)
 e - an uncursed ring of protection from magic {MR+, !d}
   (You acquired it on level 5 of the Lair of Beasts)
 i - an amulet of magic regeneration (around neck) {@e1}
   (You found it on level 3 of the Dungeon)
 k - a +4 ring of strength
   (You found it on level 8 of the Dungeon)
 r - an uncursed ring of see invisible {sInv, !d}
   (You found it on level 2 of the Dungeon)
 s - the ring of the Ban (right hand) {Str+2 Int+4 Dex+4}
   (You found it on level 3 of the Lair of Beasts)

   [ring of dexterity]

   It affects your strength (+2).
   It affects your intelligence (+4).
   It affects your dexterity (+4).
 F - an uncursed ring of ice {rC+, rF-}
   (You took it off Fannar on level 3 of the Lair of Beasts)
 Z - a ring of protection from magic (left hand) {MR+, !d}
   (You found it on level 13 of the Dungeon)
Wands
 p - a wand of acid (3)
   (You found it on level 12 of the Dungeon)
 D - a wand of disintegration (16) {@e1}
   (You found it on level 6 of the Dungeon)
 O - a wand of clouds (8)
   (You found it on level 2 of the Lair of Beasts)
 T - a wand of digging (14)
   (You bought it in a shop on level 14 of the Dungeon)
Scrolls
 d - 6 scrolls of immolation {!r}
 f - 13 scrolls of remove curse
 g - 4 scrolls of amnesia
 m - 7 scrolls of identify
 y - a scroll of magic mapping {!r}
 C - 10 scrolls of teleportation
 G - 4 scrolls of acquirement
 K - 6 scrolls of fog
 Q - a scroll of brand weapon
 R - a scroll of fear
 V - 2 scrolls of blinking {!r}
Potions
 l - 4 potions of lignification {!q}
 n - 7 potions of cancellation
 q - 6 potions of mutation {!q}
 v - 3 potions of might
 x - 2 potions of ambrosia
 z - 5 potions of berserk rage {!q}
 A - 2 potions of agility
 B - 5 potions of flight
 E - 5 potions of curing
 H - 4 potions of magic
 I - 4 potions of brilliance
 N - 4 potions of degeneration {@e1!q}
 U - 2 potions of invisibility
 Y - a potion of resistance
Miscellaneous
 u - a sack of spiders
 P - a fan of gales
   (You found it on level 5 of the Lair of Beasts)
 S - a lamp of fire
   (You found it on level 6 of the Lair of Beasts)
Comestibles
 b - 31 rations {@e1}
 j - a chunk of flesh {@w0}


   Skills:
 + Level 13.8 Fighting
 - Level 11.5 Armour
 - Level 10.0 Dodging
 - Level 2.4 Stealth
 - Level 4.5 Shields
 + Level 12.0 Unarmed Combat
 + Level 8.3 Invocations


You had 14 spell levels left.
You didn't know any spells.
Your spell library contained the following spells:

 Spells                   Type           Power        Failure   Level  Hunger
 Cause Fear               Hex            #.........   100%        4    #####..
 Magic Dart               Conj           #...         99%         1    ##.....
 Bolt of Cold             Conj/Ice       #.........   100%        6    #######
 Slow                     Hex            #.......     100%        2    ###....
 Freezing Cloud           Conj/Ice/Air   #.........   100%        6    #######
 Mephitic Cloud           Conj/Pois/Air  #.......     100%        3    ####...
 Summon Small Mammal      Summ           #...         99%         1    ##.....
 Iskenderun's Mystic Bla  Conj           #.......     100%        4    #####..
 Ozocubu's Refrigeration  Ice            #.........   100%        6    #######
 Summon Ice Beast         Ice/Summ       #.......     100%        4    #####..
 Call Imp                 Summ           #.......     100%        2    ###....
 Stone Arrow              Conj/Erth      #.....       100%        3    ####...
 Spider Form              Tmut/Pois      #.........   100%        3    ####...
 Blade Hands              Tmut           #.........   100%        5    ######.
 Ice Form                 Ice/Tmut       #.......     100%        4    #####..
 Deflect Missiles         Chrm/Air       #.........   100%        6    #######
 Flame Tongue             Conj/Fire      #....        99%         1    ##.....
 Sticks to Snakes         Tmut           #.......     100%        2    ###....
 Call Canine Familiar     Summ           #.......     100%        3    ####...
 Metabolic Englaciation   Hex/Ice        #.........   100%        5    ######.
 Static Discharge         Conj/Air       #.......     100%        3    ####...
 Corona                   Hex            #......      99%         1    ##.....
 Simulacrum               Ice/Necr       #.........   100%        6    #######
 Portal Projectile        Hex/Tloc       #.....       100%        3    ####...
 Malign Gateway           Summ/Tloc      #.........   100%        7    #######
 Leda's Liquefaction      Hex/Erth       #.........   100%        4    #####..
 Inner Flame              Hex/Fire       #.......     100%        3    ####...
 Beastly Appendage        Tmut           #.....       99%         1    ##.....
 Fulminant Prism          Conj/Hex       #.........   100%        4    #####..
 Dazzling Spray           Conj/Hex       #.....       100%        3    ####...
 Force Lance              Conj/Tloc      #.......     100%        4    #####..
 Searing Ray              Conj           #.....       100%        2    ###....
 Summon Lightning Spire   Summ/Air       #.......     100%        4    #####..
 Summon Guardian Golem    Hex/Summ       #.......     100%        3    ####...
 Poisonous Vapours        Pois/Air       #.....       100%        2    ###....


Dungeon Overview and Level Annotations

Branches:
Dungeon (14/15)            Temple (1/1) D:4            Lair (6/6) D:10
 Shoals (2/4) Lair:3        Snake (0/4) Lair:4        Slime (0/5) Lair:5
    Orc (2/2) D:9             Elf (0/3) Orc:2        Vaults (0/5) D:14

Altars:
Ashenzari
Cheibriados
Dithmenos
Elyvilon
Fedhas
Gozag
Hepliaklqana
Kikubaaqudgha
Makhleb
Nemelex Xobeh
Okawaru
Qazlal
Ru
Sif Muna
Trog
Uskayaw
Vehumet
Wu Jian
Xom
Yredelemnul
Zin
The Shining One
Beogh
Jiyva

Shops:
D:10 *   D:11 =   D:14 *   Orc:2 *}(*

Annotations:
D:3 1 runed door
D:5 exclusions: ogre and slave, Pikel
D:6 1 runed door
Lair:1 exclusion: 2 oklob plants


Innate Abilities, Weirdness & Mutations

You have razor-sharp teeth.
You heal very quickly.
When hurt, damage is shared between your health and your magic reserves.
Your bite disrupts and absorbs the magic of your enemies.
Potions cannot restore your health.
You are immune to rotting.
You are very weak. (Str -4)


Message History

The harpy closely misses you. The harpy claws you but does no damage.
Health restored: 87; MP restored: 22 The harpy screeches! x2
The harpy claws you. The harpy barely misses you.
The merfolk impaler hits you but does no damage.
The harpy claws you but does no damage. The harpy closely misses you.
The merfolk impaler barely misses you.
You take 1 damage, and have 86/87 hp.
You now have 21/22 mp.
Aim: a merfolk impaler, wielding a trident of holy wrath and wearing a robe The iron shot misses the merfolk impaler.
The harpy screeches! x2
You block the harpy's attack. The harpy misses you.
The harpy claws you but does no damage. x2
The merfolk impaler hits you from afar with a trident of holy wrath.
You take 7 damage, and have 79/87 hp.
The harpy screeches! x2
You block the merfolk impaler's attack. The harpy misses you.
The harpy claws you but does no damage.
The merfolk impaler hits you with a trident of holy wrath.
You take 4 damage, and have 75/87 hp.
You closely miss the merfolk impaler. Your bite misses the merfolk impaler.
The manticore bites you!
The manticore claws you but does no damage.
The manticore barely misses you. The merfolk impaler barely misses you.
The harpy claws you but does no damage. x2
You take 9 damage, and have 66/87 hp.
You now have 18/22 mp.
You closely miss the merfolk impaler. Your bite misses the merfolk impaler.
The harpy closely misses you. The harpy claws you but does no damage.
The harpy closely misses you. The harpy barely misses you.
The manticore bites you but does no damage.
The manticore closely misses you. You block the manticore's attack.
The merfolk impaler hits you with a trident of holy wrath!
The harpy claws you. The harpy claws you but does no damage.
You take 8 damage, and have 58/87 hp.
You now have 16/22 mp.
You hit the merfolk impaler.
You bite the merfolk impaler, but do no damage.
The harpy claws you. The harpy barely misses you. The harpy misses you. x2
The merfolk impaler hits you but does no damage.
The manticore bites you! The manticore completely misses you.
The manticore claws you but does no damage.
The harpy claws you! The harpy claws you but does no damage.
You take 19 damage, and have 39/87 hp.
MASSIVE DAMAGE!!
You now have 11/22 mp.
Your plate armour prevents you from hitting the merfolk impaler.
The harpy screeches!
The harpy claws you but does no damage. The harpy barely misses you.
You block the harpy's attack. x2; The merfolk impaler closely misses you.
The harpy barely misses you. The harpy claws you but does no damage.
The manticore bites you!
The manticore claws you but does no damage. x2
The merfolk impaler barely misses you.
You take 8 damage, and have 31/87 hp.
You now have 9/22 mp.
Unknown command.
You punch the merfolk impaler! Your bite misses the merfolk impaler.
The harpy claws you but does no damage. x2
The merfolk impaler hits you but does no damage.
The harpy claws you. The harpy claws you but does no damage.
You take 3 damage, and have 28/87 hp.
You hit the merfolk impaler. The harpy claws you but does no damage.
You block the harpy's attack. The harpy claws you!
* * * LOW HITPOINT WARNING * * *
The harpy claws you but does no damage. You block the manticore's attack.
The manticore claws you but does no damage. x2
The harpy claws you.
* * * LOW HITPOINT WARNING * * *
The harpy closely misses you. The merfolk impaler barely misses you.
The harpy claws you but does no damage. You block the harpy's attack.
You take 8 damage, and have 20/87 hp.
You now have 6/22 mp.
You hit the merfolk impaler. You block the harpy's attack.
The harpy barely misses you.
The manticore bites you but does no damage.
The manticore barely misses you. x2; You block the merfolk impaler's attack.
The harpy claws you.
* * * LOW HITPOINT WARNING * * *
The harpy claws you.
* * * LOW HITPOINT WARNING * * *
The harpy misses you. The harpy claws you but does no damage.
You take 7 damage, and have 13/87 hp.
You now have 4/22 mp.
You hit the merfolk impaler. The harpy claws you but does no damage.
The harpy misses you. You block the harpy's attack. The harpy claws you.
* * * LOW HITPOINT WARNING * * *
The merfolk impaler hits you but does no damage.
You block the harpy's attack. The harpy claws you but does no damage.
The manticore barely misses you.
The manticore claws you but does no damage. x2
You take 2 damage, and have 11/87 hp.
You now have 3/22 mp.
You pummel the merfolk impaler!! Your bite misses the merfolk impaler.
You block the harpy's attack.
The harpy claws you but does no damage. x3
The harpy barely misses you. The harpy claws you.
* * * LOW HITPOINT WARNING * * *
The merfolk impaler barely misses you.
You take 4 damage, and have 7/87 hp.
You closely miss the merfolk impaler.
The harpy screeches! x3
The harpy misses you. The harpy claws you.
* * * LOW HITPOINT WARNING * * *
The harpy claws you but does no damage. You block the harpy's attack.
You block the manticore's attack. The manticore claws you.
You die...

≈≈≈≈≈≈≈≈.###...........##...###..
≈≈≈≈≈≈≈≈......≈........##........
≈≈≈≈≈≈≈≈≈≈..≈≈....###.≈...)≈....≈
≈P≈≈≈≈.≈.≈≈≈≈≈....###.....≈≈.#...
≈≈≈≈≈....≈≈≈≈≈≈≈.............###.
.≈≈≈≈≈≈≈.............###/
≈≈≈≈≈≈≈≈.......≈≈≈..≈...≈
≈≈≈≈≈≈.H/.###.≈≈≈≈...≈≈.≈
.≈≈≈≈≈≈H@.##...≈≈≈≈...≈≈≈
.≈≈≈≈≈≈mH.#.....≈≈≈≈....≈
≈≈≈≈≈≈[.H......≈≈≈≈≈.....
≈≈≈≈≈....≈...≈≈.≈≈.≈.....
..................≈....^.
##$....≈≈...#...≈.....###
##.........##.≈≈..≈..# #
................≈≈≈..#.
......≈≈....


You could see a merfolk impaler, a manticore and 3 harpies.

Vanquished Creatures
  Gastronok (Lair:3)
  Kirke (D:13)
  A tengu reaver (D:13)
  An orc warlord (D:9)
  A stone giant (Orc:1)
  The ghost of charlessucks the Fighter, a journeyman GnWn of Okawaru (D:11)
  A merfolk impaler (Shoals:1)
  Josephine (D:10)
  A yaktaur captain (D:13)
  Fannar (Lair:3)
  3 hydras
  The ghost of Maxmaps the Magician, a journeyman GnFE of Ashenzari (Lair:1)
  A centaur warrior (D:14)
  A satyr (Shoals:2)
  3 two-headed ogres
  2 tengu warriors (D:14)
  A deep troll earth mage (D:11)
  5 orc high priests (Orc:2)
  Urug (Lair:3)
  A deep elf knight (D:13)
  3 sea snakes
  6 unseen horrors
  2 lindwurms
  A necromancer (IceCv)
  2 orc knights (Orc:2)
  3 orc sorcerers (Orc:2)
  A manticore (Shoals:1)
  A merfolk siren (Shoals:1)
  4 cyclopes
  A manticore (shapeshifter) (D:14)
  11 elephants
  3 ice statues (IceCv)
  6 black mambas
  The ghost of melchizedek the Merchant of Misery, a novice DENe of Kikubaaqudgha (D:7)
  A water nymph (Shoals:1)
  Psyche (D:9)
  5 spiny frogs
  3 molten gargoyles (Lair:6)
  4 gargoyles
  A rime drake (Lair:4)
  A rime drake (shapeshifter) (D:14)
  2 efreet
  10 komodo dragons
  11 ice devils (IceCv)
  A kobold demonologist (D:14)
  A queen bee (Lair:3)
  A polar bear (Lair:6)
  7 trolls
  A hornet (D:13)
  A merfolk (shapeshifter) (D:11)
  15 blink frogs
  2 wind drakes (Shoals:1)
  6 slime creatures (D:13)
  8 hippogriffs
  8 wraiths
  10 wyverns
  A vampire (D:10)
  A human (shapeshifter) (D:14)
  18 yaks
  A hog (D:13)
  3 hungry ghosts
  The ghost of Bopaloobop the Sneak, an amateur DgWn (D:3)
  3 basilisks
  A steam dragon (Lair:6)
  10 wargs
  A soldier ant (D:8)
  5 hell hounds (Lair:6)
  An acid dragon (D:13)
  13 water moccasins
  21 orc warriors
  3 ice beasts
  7 porcupines
  4 black bears
  2 sky beasts
  19 ogres
  A phantom (D:12)
  15 centaurs
  14 crocodiles
  3 big kobolds (D:9)
  16 bullfrogs
  2 gnoll sergeants
  A wyvern zombie (D:9)
  A hornet simulacrum (D:14)
  7 scorpions
  21 killer bees
  A water moccasin skeleton (D:4)
  8 wights (D:7)
  6 howler monkeys (D:11)
  8 crimson imps
  4 lava snakes (Lair:6)
  A bullfrog zombie (D:12)
  8 hounds
  3 jellies
  17 orc wizards
  4 centaur skeletons
  A draconian simulacrum (IceCv)
  33 orc priests
  4 iguanas
  3 troll simulacra (IceCv)
  6 worker ants
  A spriggan simulacrum (IceCv)
  3 centaur simulacra (IceCv)
  A hound skeleton (D:11)
  A worker ant zombie (D:5)
  A howler monkey skeleton (D:4)
  11 gnolls
  9 adders
  2 naga simulacra (IceCv)
  6 shadow imps
  12 white imps (Lair:5)
  2 oozes
  An adder zombie (D:6)
  An adder skeleton (D:7)
  3 worms
  A dart slug (D:1)
  3 leopard geckos
  101 orcs
  3 ball pythons
  6 giant cockroaches
  12 goblins
  10 hobgoblins
  7 jackals
  4 quokkas
  8 bats
  5 frilled lizards
  28 kobolds
  A quokka skeleton (D:4)
  7 rats
  2 plants (Shoals:1)
729 creatures vanquished.

Vanquished Creatures (collateral kills)
  The ghost of TwoGrow the Slicer, a journeyman HaCK of Okawaru (Lair:3)
  A fire dragon (Lair:6)
  Sonja (Lair:3)
  An ugly thing (D:10)
  8 killer bees (Lair:3)
12 creatures vanquished.

Vanquished Creatures (others)
  5 humans (D:13)
  A yak (D:13)
  A killer bee (Lair:3)
  An orc priest (D:13)
  An orc wizard (D:13)
  3 orcs
  16 fungi
  14 plants
42 creatures vanquished.

Grand Total: 783 creatures vanquished

Notes
Turn   | Place    | Note
-------+----------+-------------------------------------------
     0 | D:1      | Firecrotchwizard the Vine Stalker Monk began the quest for the Orb.
     0 | D:1      | Reached XP level 1. HP: 11/11 MP: 2/2
   259 | D:1      | Reached XP level 2. HP: 16/16 MP: 3/3
   548 | D:1      | Reached skill level 3 in Fighting
   776 | D:1      | Reached XP level 3. HP: 9/20 MP: 2/4
  1422 | D:1      | Reached skill level 4 in Unarmed Combat
  1601 | D:2      | Gained mutation: Your natural rate of healing is unusually fast. [Vine Stalker growth]
  1601 | D:2      | Reached XP level 4. HP: 10/24 MP: 3/5
  2184 | D:3      | Noticed Bopaloobop's ghost (amateur DgWn)
  2216 | D:3      | Killed Bopaloobop's ghost
  2216 | D:3      | Reached skill level 4 in Fighting
  2216 | D:3      | Reached skill level 5 in Unarmed Combat
  2216 | D:3      | Reached XP level 5. HP: 13/29 MP: 2/6
  2254 | D:3      | Reached XP level 6. HP: 25/33 MP: 5/7
  2628 | D:3      | Found a glowing silver altar of Zin.
  2634 | D:3      | Found a runed door.
  2634 | D:3      | Noticed an angel
  3049 | D:3      | Reached skill level 6 in Unarmed Combat
  3276 | D:4      | Found a radiant altar of Vehumet.
  3704 | D:4      | Found a staircase to the Ecumenical Temple.
  3710 | Temple   | Entered the Ecumenical Temple
  3941 | Temple   | Became a worshipper of Makhleb the Destroyer
  3941 | Temple   | Reached * piety under Makhleb
  3941 | Temple   | Reached ** piety under Makhleb
  4246 | D:4      | Got a warped spear
  4312 | D:5      | Entered Level 5 of the Dungeon
  4312 | D:5      | Found a bloodstained altar of Trog.
  4322 | D:5      | Reached XP level 7. HP: 33/38 MP: 6/8
  4368 | D:5      | Noticed Pikel
  4621 | D:5      | Reached skill level 7 in Unarmed Combat
  5188 | D:6      | Reached skill level 5 in Fighting
  5319 | D:6      | Gained mutation: You have razor-sharp teeth. [Vine Stalker growth]
  5319 | D:6      | Reached XP level 8. HP: 28/43 MP: 6/9
  5343 | D:6      | Reached skill level 8 in Unarmed Combat
  5582 | D:6      | Reached skill level 6 in Fighting
  5650 | D:6      | Reached skill level 9 in Unarmed Combat
  5809 | D:6      | Found a runed door.
  6107 | D:7      | Got a jewelled spear
  6157 | D:7      | Reached XP level 9. HP: 38/49 MP: 10/10
  6266 | D:7      | Noticed melchizedek's ghost (novice DENe)
  6299 | D:7      | Killed melchizedek's ghost
  6299 | D:7      | Reached skill level 10 in Unarmed Combat
  6328 | D:7      | Found a glowing silver altar of Zin.
  6350 | D:7      | Reached *** piety under Makhleb
  6363 | D:7      | Got a sparkling copper ring
  6365 | D:7      | Identified the ring "Onaenam" {Int+4 Slay-4 SInv} (You found it on level 7 of the Dungeon)
  6576 | D:7      | Reached skill level 7 in Fighting
  6653 | D:7      | Got a smoking shield
  7019 | D:8      | Identified the +1 shield of Cowardice {rC++} (You found it on level 7 of the Dungeon)
  7168 | D:8      | Found a sacrificial altar of Ru.
  7220 | D:8      | Got a distressingly furry helmet
  7230 | D:8      | Reached skill level 11 in Unarmed Combat
  7236 | D:8      | Identified the cursed -1 helmet "Winien" {Int+2} (You found it on level 8 of the Dungeon)
  7810 | D:9      | Noticed Psyche
  7820 | D:8      | Reached skill level 1 in Invocations
  7869 | D:9      | Reached XP level 10. HP: 32/56 MP: 10/12
  7955 | D:9      | Noticed an unseen horror
  7957 | D:9      | Reached skill level 8 in Fighting
  7957 | D:9      | Reached skill level 2 in Invocations
  8051 | D:9      | Reached skill level 3 in Invocations
  8133 | D:9      | Killed Psyche
  8183 | D:9      | Killed an unseen horror
  8183 | D:9      | Reached skill level 4 in Invocations
  8243 | D:9      | Reached **** piety under Makhleb
  8397 | D:9      | Reached skill level 9 in Fighting
  8420 | D:9      | Found a staircase to the Orcish Mines.
  8434 | D:9      | Reached skill level 5 in Invocations
  8671 | D:9      | Found an iron altar of Okawaru.
  8881 | D:10     | Entered Level 10 of the Dungeon
  8907 | D:10     | Noticed a two-headed ogre
  8913 | D:10     | HP: 12/58 [two-headed ogre/giant spiked club (17)]
  8915 | D:10     | Killed a two-headed ogre
  8915 | D:10     | Reached skill level 6 in Invocations
  9036 | D:10     | Reached XP level 11. HP: 63/63 MP: 16/16
  9075 | D:10     | Found a staircase to the Lair.
  9170 | D:10     | HP: 7/63 [komodo dragon (14)]
  9286 | D:10     | Found Ubahu's Assorted Antiques.
  9295 | D:10     | Bought a scroll of teleportation for 87 gold pieces
  9295 | D:10     | Bought a scroll of enchant armour for 217 gold pieces
  9305 | D:10     | Noticed Josephine
  9329 | D:10     | Killed Josephine
  9329 | D:10     | Reached skill level 10 in Fighting
  9329 | D:10     | Reached skill level 2 in Shields
  9352 | D:10     | Reached skill level 3 in Shields
  9607 | D:10     | Noticed a brown ugly thing
  9620 | D:10     | Killed a brown ugly thing
  9843 | Lair:1   | Entered Level 1 of the Lair of Beasts
  9851 | Lair:1   | Noticed Maxmaps's ghost (journeyman GnFE)
  9877 | Lair:1   | Killed Maxmaps's ghost
  9877 | Lair:1   | Reached skill level 4 in Shields
  9960 | Lair:1   | Reached skill level 1 in Armour
  9975 | Lair:1   | Reached skill level 3 in Dodging
 10106 | Lair:1   | Reached ***** piety under Makhleb
 10106 | Lair:1   | Reached skill level 2 in Armour
 10355 | Lair:1   | Noticed an oklob plant
 10355 | Lair:1   | Noticed an oklob plant
 10840 | Lair:2   | Reached skill level 4 in Dodging
 10849 | Lair:2   | Reached skill level 3 in Armour
 11464 | Lair:3   | Noticed Gastronok
 11573 | Lair:3   | Noticed Sonja
 11648 | Lair:3   | Killed Sonja
 11648 | Lair:3   | Gained mutation: You heal very quickly. [Vine Stalker growth]
 11648 | Lair:3   | Reached XP level 12. HP: 65/69 MP: 18/18
 11701 | Lair:3   | Got a scintillating lapis lazuli ring
 11703 | Lair:3   | Identified the ring of the Ban {Str+2 Int+4 Dex+4} (You found it on level 3 of the Lair of Beasts)
 11749 | Lair:3   | Noticed TwoGrow's ghost (journeyman HaCK)
 11763 | Lair:3   | Killed TwoGrow's ghost
 11763 | Lair:3   | Reached skill level 4 in Armour
 11797 | Lair:3   | Noticed Urug
 11813 | Lair:3   | Killed Urug
 11813 | Lair:3   | Reached skill level 5 in Dodging
 11834 | Lair:3   | Noticed Fannar
 12023 | Lair:3   | Killed Gastronok
 12023 | Lair:3   | Reached skill level 11 in Fighting
 12023 | Lair:3   | Reached skill level 5 in Armour
 12098 | Lair:3   | Found a staircase to the Shoals.
 12367 | Lair:3   | Killed Fannar
 12367 | Lair:3   | Reached skill level 6 in Dodging
 13038 | Lair:4   | Reached skill level 6 in Armour
 13414 | Lair:4   | Found a staircase to the Snake Pit.
 13784 | Lair:5   | Found a frozen archway.
 13806 | Lair:5   | Reached skill level 7 in Dodging
 13822 | Lair:5   | Reached XP level 13. HP: 37/74 MP: 8/19
 13911 | IceCv    | Entered an ice cave
 14103 | IceCv    | Reached skill level 7 in Armour
 14667 | Lair:5   | Reached skill level 8 in Dodging
 14741 | Lair:5   | Identified 3 scrolls of acquirement
 14763 | Lair:5   | Found a viscous altar of Jiyva.
 14763 | Lair:5   | Found a staircase to the Slime Pits.
 15616 | Lair:6   | Entered Level 6 of the Lair of Beasts
 15858 | Lair:6   | Reached skill level 8 in Armour
 15879 | Lair:6   | Reached ****** piety under Makhleb
 16020 | Lair:6   | Reached skill level 12 in Fighting
 16159 | Lair:6   | Reached skill level 9 in Dodging
 16321 | Lair:6   | Reached XP level 14. HP: 76/80 MP: 20/20
 16419 | Lair:6   | Found a large runed door.
 16486 | Lair:6   | Reached skill level 9 in Armour
 16553 | Lair:6   | Found a large runed door.
 17212 | Lair:6   | Got a transparent marble ring
 17216 | Lair:6   | Identified the cursed ring "Isobbot" {*Contam rN+ AC-4 Int+2} (You found it on level 6 of the Lair of Beasts)
 17686 | D:11     | Noticed charlessucks's ghost (journeyman GnWn)
 17714 | D:11     | Killed charlessucks's ghost
 17896 | D:11     | Identified the Almanac of Creative Conjuration
 17898 | D:11     | Identified the Grimoire of Air
 17970 | D:11     | Found Kiyloc's Jewellery Shoppe.
 18586 | D:12     | Reached skill level 10 in Dodging
 18802 | D:12     | Got a distressingly furry scale mail
 19339 | D:13     | Reached skill level 10 in Armour
 19638 | D:13     | Noticed a tengu reaver
 19661 | D:13     | Killed a tengu reaver
 19720 | D:13     | Found a flagged portal.
 19736 | D:13     | HP: 11/81 [enormous slime creature (44)]
 19869 | Bailey   | Entered a bailey
 19874 | Bailey   | Noticed an orc warlord
 19935 | Bailey   | Found a runed gate.
 19935 | Bailey   | Found a runed gate.
 19935 | Bailey   | Found a runed gate.
 20127 | D:13     | Identified the cursed +0 scale mail of Uskayaw's Whim {+Blink rC+ rN+ Dex-4} (You found it on level 12 of the Dungeon)
 20129 | D:13     | Got a jewelled ring mail
 20130 | D:13     | Identified the +0 ring mail "Uploix" {rF++ MR+ Str+2} (You found it on level 13 of the Dungeon)
 20238 | D:13     | Noticed Kirke
 20261 | D:13     | Killed Kirke
 20261 | D:13     | Reached skill level 13 in Fighting
 20273 | D:13     | Reached skill level 11 in Armour
 20296 | D:13     | Reached XP level 15. HP: 86/86 MP: 21/21
 20859 | D:14     | Found a gate to the Vaults.
 20918 | D:14     | Found Pogeghak's Pet Rocks.
 20928 | D:14     | Bought a wand of digging (14) for 504 gold pieces
 21347 | D:14     | Got a steaming flail
 21369 | D:14     | Found a shadowy altar of Dithmenos.
 21971 | Orc:1    | Entered Level 1 of the Orcish Mines
 21976 | Orc:1    | Noticed an orc warlord
 22209 | D:9      | Killed an orc warlord
 22250 | Orc:1    | Reached skill level 7 in Invocations
 22545 | Orc:2    | Entered Level 2 of the Orcish Mines
 22895 | Orc:2    | HP: 17/86 [chaos spawn[an orc high priest] (10)]
 22944 | Orc:2    | Gained mutation: You are weak. (Str -2) [a neqoxec]
 22945 | Orc:2    | Gained mutation: You are very weak. (Str -4) [a neqoxec]
 22951 | Orc:2    | Found a roughly hewn altar of Beogh.
 23015 | Orc:2    | Found Wuunyihi's Gadget Emporium.
 23047 | Orc:2    | Found Calaluic's General Store.
 23128 | Orc:2    | Found Pantose's Assorted Antiques.
 23132 | Orc:2    | Found Ywo Esag's Weapon Boutique.
 23243 | Orc:2    | Bought a scroll of fog for 70 gold pieces
 23243 | Orc:2    | Bought a fizzy yellow potion for 31 gold pieces
 23243 | Orc:2    | Bought 2 smoky dark potions for 63 gold pieces
 23443 | Orc:2    | Found a staircase to the Elven Halls.
 23528 | Orc:1    | HP: 21/87 [stone giant (5)]
 23534 | Orc:1    | HP: 5/87 [stone giant (16)]
 23752 | D:9      | Upgraded the game from 0.22-a0-410-g97be04f to 0.22-a0-413-ge8614c9
 23851 | Shoals:1 | Entered Level 1 of the Shoals
 23878 | Shoals:1 | Reached skill level 8 in Invocations
 23878 | Shoals:1 | HP: 20/87 [sea snake (2)]
 24415 | Shoals:1 | You fall through a shaft!
 24430 | Shoals:2 | Reached skill level 12 in Unarmed Combat
 24515 | Shoals:1 | HP: 21/87 [wind drake/the air (5)]
 24516 | Shoals:1 | HP: 7/87 [poisoned by a merfolk impaler]
 24521 | Shoals:1 | HP: 10/87 [poisoned by a merfolk impaler]
 24526 | Shoals:1 | HP: 12/87 [poisoned by a merfolk impaler]
 24531 | Shoals:1 | HP: 15/87 [poisoned by a merfolk impaler]
 24538 | Shoals:1 | HP: 20/87 [poisoned by a merfolk impaler]
 24555 | Shoals:1 | HP: 20/87 [wind drake/the air (7)]
 24560 | Shoals:1 | HP: 19/87 [merfolk impaler/trident of venom (8)]
 24565 | Shoals:1 | HP: 19/87 [poisoned by a merfolk impaler]
 24676 | Shoals:1 | HP: 21/87 [harpy (7)]
 24679 | Shoals:1 | HP: 7/87 [harpy (5)]
 24680 | Shoals:1 | Slain by a manticore

Vault maps used:
D:1:      onia_arrival_mini_maze
D:3:      first_ration, grunt_decor_fettered, st_stairs_12, lemuel_angel_altar
D:4:      lemuel_crystal_altar, minmay_temple_entry_fiery, minmay_bisected
D:5:      bloody_trog, minmay_misc_feat_rugged, uniq_pikel
D:6:      uniq_crazy_yiuf_cottage
D:7:      basic_altar
D:8:      nicolae_overflow_crystal_walls
D:9:      lemuel_doored_altar, erik_orc_3, blue_anna_alchemist, uniq_psyche
D:10:     david_lair_shrubbed, serial_shops, shop, uniq_josephine
D:11:     minmay_the_grid_3x2, serial_shops, kennysheep_mini
D:13:     minmay_shrinking_squares, enter_bailey_2, uniq_kirke
D:14:     david_vaults_2, nicolae_dithmenos_the_darkroom, guppyfry_shop_earth
Temple:   dpeg_five_rooms_temple
Lair:1:   grunt_megastairs_5, minmay_lair_oklob_chamber,
          infiniplex_staircase_pool
Lair:2:   grunt_megastairs_2, serial_bayou_shore_b
Lair:3:   minmay_shoals_entry_centaurs, special_room, serial_bayou_pond_d,
          uniq_sonja, uniq_urug, uniq_fannar, uniq_gastronok
Lair:4:   dummy_snake_entry, lemuel_old_faithful, infiniplex_staircase_pool_2,
          serial_bayou_shore_b
Lair:5:   dpeg_slime_entry_enclosed_altar, portal_ice_cave_entry_imps
Lair:6:   cheibrodos_lair_end_hotspot
Shoals:1: uniq_aizul
Shoals:2: nicolae_shoals_stone_sculpture_thing
Orc:2:    st_orc_town, nicolae_orc_lava_room
Bailey:   bailey_axe_bossmonster_kennysheep, bailey
IceCv:    ice_cave_tombish

Skill      XL: |  1  2  3  4  5  6  7  8  9 10 11 12 13 14 15 |
---------------+----------------------------------------------+-----
Fighting       | 3 4 5 6 7 9 10 11 12 13 | 13.8
Unarmed Combat | 4 5 6 7 9 11 12 | 12.0
Invocations    | 1 6 8 |  8.3
Shields        | 4 |  4.5
Armour         | 3 6 8 11 | 11.5
Dodging        | 4 7 9 10 | 10.0
Stealth        | |  2.4

Action                   |  1- 3 |  4- 6 |  7- 9 | 10-12 | 13-15 || total
-------------------------+-------+-------+-------+-------+-------++-------
Melee: Unarmed           |   113 |   168 |   297 |   629 |  1746 ||  2953
       Bite              |    29 |    42 |    83 |   262 |   888 ||  1304
       Punch             |     3 |     5 |    14 |     7 |       ||    29
Invok: Lesser Servant of |       |       |       |     3 |     2 ||     5
       Major Destruction |       |       |       |       |     2 ||     2
  Use: Scroll            |       |     2 |    10 |    13 |    24 ||    49
       Potion            |       |       |       |       |     5 ||     5
 Stab: Sleeping          |     5 |     8 |    13 |     2 |       ||    28
       Distracted        |       |       |       |     2 |       ||     2
  Eat: Ration            |     1 |     1 |     1 |     2 |     2 ||     7
       Chunk             |       |     4 |     8 |    12 |    35 ||    59
Armor: Robe              |     7 |       |       |       |       ||     7
       Leather armour    |    22 |    27 |       |       |       ||    49
       Ring mail         |       |    20 |    73 |   177 |       ||   270
       Plate armour      |       |       |       |    72 |   990 ||  1062
Dodge: Dodged            |    68 |    89 |   119 |   335 |  1005 ||  1616
Block: Buckler           |       |       |       |   130 |   505 ||   635

Table legend:
 A = Spawn XP
 B = Non-spawn XP
 C = Spawn XP percentage of total XP
 D = Spawn monster count
 E = Non-spawn monster count
 F = Spawn count percentage of total count
 G = Total turns spent on level
                    A         B        C        D         E        F      G
               +---------+---------+-------+---------+---------+-------+---------
         Total |       0 |  120459 |   0.0 |       0 |     739 |   0.0 | 24680
               +---------+---------+-------+---------+---------+-------+---------
           D:1 |       0 |      52 |   0.0 |       0 |      24 |   0.0 |  1499
           D:2 |       0 |      78 |   0.0 |       0 |      28 |   0.0 |   725
           D:3 |       0 |     310 |   0.0 |       0 |      20 |   0.0 |  1051
           D:4 |       0 |     158 |   0.0 |       0 |       9 |   0.0 |   753
           D:5 |       0 |     318 |   0.0 |       0 |      12 |   0.0 |   868
           D:6 |       0 |    1305 |   0.0 |       0 |      23 |   0.0 |   915
           D:7 |       0 |    1727 |   0.0 |       0 |      32 |   0.0 |   917
           D:8 |       0 |     520 |   0.0 |       0 |       8 |   0.0 |   743
           D:9 |       0 |    5763 |   0.0 |       0 |      66 |   0.0 |  1440
          D:10 |       0 |    4710 |   0.0 |       0 |      25 |   0.0 |  1024
          D:11 |       0 |    5159 |   0.0 |       0 |      39 |   0.0 |   892
          D:12 |       0 |    3688 |   0.0 |       0 |      30 |   0.0 |   815
          D:13 |       0 |   16302 |   0.0 |       0 |      43 |   0.0 |  1153
          D:14 |       0 |    9247 |   0.0 |       0 |      36 |   0.0 |  1388
        Lair:1 |       0 |    4257 |   0.0 |       0 |      18 |   0.0 |   890
        Lair:2 |       0 |    1639 |   0.0 |       0 |      10 |   0.0 |   872
        Lair:3 |       0 |    8214 |   0.0 |       0 |      33 |   0.0 |  1112
        Lair:4 |       0 |    4546 |   0.0 |       0 |      20 |   0.0 |  1163
        Lair:5 |       0 |    5881 |   0.0 |       0 |      33 |   0.0 |  1266
        Lair:6 |       0 |   18518 |   0.0 |       0 |      61 |   0.0 |  1768
      Shoals:1 |       0 |    4994 |   0.0 |       0 |      10 |   0.0 |   758
      Shoals:2 |       0 |    1675 |   0.0 |       0 |       2 |   0.0 |    71
         Orc:1 |       0 |    3224 |   0.0 |       0 |      25 |   0.0 |   518
         Orc:2 |       0 |   11906 |   0.0 |       0 |      90 |   0.0 |   987
        Bailey |       0 |     299 |   0.0 |       0 |      17 |   0.0 |   177
         IceCv |       0 |    5969 |   0.0 |       0 |      25 |   0.0 |   631
               +---------+---------+-------+---------+---------+-------+---------

Vault maps used:
D:1:      onia_arrival_mini_maze
D:3:      first_ration, grunt_decor_fettered, st_stairs_12, lemuel_angel_altar
D:4:      lemuel_crystal_altar, minmay_temple_entry_fiery, minmay_bisected
D:5:      bloody_trog, minmay_misc_feat_rugged, uniq_pikel
D:6:      uniq_crazy_yiuf_cottage
D:7:      basic_altar
D:8:      nicolae_overflow_crystal_walls
D:9:      lemuel_doored_altar, erik_orc_3, blue_anna_alchemist, uniq_psyche
D:10:     david_lair_shrubbed, serial_shops, shop, uniq_josephine
D:11:     minmay_the_grid_3x2, serial_shops, kennysheep_mini
D:13:     minmay_shrinking_squares, enter_bailey_2, uniq_kirke
D:14:     david_vaults_2, nicolae_dithmenos_the_darkroom, guppyfry_shop_earth
Temple:   dpeg_five_rooms_temple
Lair:1:   grunt_megastairs_5, minmay_lair_oklob_chamber,
          infiniplex_staircase_pool
Lair:2:   grunt_megastairs_2, serial_bayou_shore_b
Lair:3:   minmay_shoals_entry_centaurs, special_room, serial_bayou_pond_d,
          uniq_sonja, uniq_urug, uniq_fannar, uniq_gastronok
Lair:4:   dummy_snake_entry, lemuel_old_faithful, infiniplex_staircase_pool_2,
          serial_bayou_shore_b
Lair:5:   dpeg_slime_entry_enclosed_altar, portal_ice_cave_entry_imps
Lair:6:   cheibrodos_lair_end_hotspot
Shoals:1: uniq_aizul
Shoals:2: nicolae_shoals_stone_sculpture_thing
Orc:2:    st_orc_town, nicolae_orc_lava_room
Bailey:   bailey_axe_bossmonster_kennysheep, bailey
IceCv:    ice_cave_tombish

Table legend:
 A = Turns spent in this place as a percentage of turns spent in the entire game.
 B = Non-inter-level travel turns spent in this place as a percentage of non-inter-level travel turns spent in the entire game.
 C = Inter-level travel turns spent in this place as a percentage of turns spent in this place.
 D = Turns resting spent in this place as a percentage of non-inter-level travel turns spent in this place.
 E = Turns spent auto-exploring this place as a percentage of non-inter-level travel turns spent in this place.
 F = Non-inter-level travel turns spent in this place divided by the number of levels of this place that you've seen.
                   A       B       C       D       E      F
               +-------+-------+-------+-------+-------+----------------------
         Total | 100.0 | 100.0 |   5.0 |  15.0 |  59.9 | 868.3
       Dungeon |  57.5 |  57.7 |   4.7 |  13.3 |  63.7 | 965.8
        Temple |   1.2 |   1.0 |  18.3 |   0.0 |  96.1 | 232.0
          Lair |  28.7 |  28.1 |   6.7 |  14.4 |  62.9 | 1099.5
        Shoals |   3.4 |   3.5 |   0.2 |  53.3 |   2.1 | 413.5
  Orcish Mines |   6.1 |   6.2 |   3.1 |   8.6 |  56.9 | 729.0
        Bailey |   0.7 |   0.8 |   0.0 |   1.1 |  41.8 | 177.0
      Ice Cave |   2.6 |   2.7 |   0.0 |  31.9 |  19.5 | 631.0
               +-------+-------+-------+-------+-------+----------------------

Table legend:
 A = Kills in this place as a percentage of kills in entire the game.
 B = Kills by you in this place as a percentage of kills by you in the entire game.
 C = Kills by friends in this place as a percentage of kills by friends in the entire game.
 D = Other kills in this place as a percentage of other kills in the entire game.
 E = Experience gained in this place as a percentage of experience gained in the entire game.
 F = Experience gained in this place divided by the number of levels of this place that you have seen.
                   A       B       C       D       E      F
               +-------+-------+-------+-------+-------+----------------------
         Total | 100.0 | 100.0 | 100.0 |   N/A | 100.0 | 4461.4
       Dungeon |  53.5 |  54.2 |   8.3 |   N/A |  41.0 | 3524.1
          Lair |  23.7 |  22.6 |  91.7 |   N/A |  35.7 | 7175.8
        Shoals |   1.6 |   1.7 |   0.0 |   N/A |   5.5 | 3334.5
  Orcish Mines |  15.6 |  15.8 |   0.0 |   N/A |  12.6 | 7565.0
        Bailey |   2.3 |   2.3 |   0.0 |   N/A |   0.2 | 299.0
      Ice Cave |   3.4 |   3.4 |   0.0 |   N/A |   5.0 | 5969.0
               +-------+-------+-------+-------+-------+----------------------
